 Dungeon Crawl Stone Soup version 0.17-a0-870-gcb215c1 (webtiles) character file.

331 inmateoo the Cutter (level 6, -1/38 HPs)
             Began as a Kobold Skald on Apr 29, 2015.
             Killed from afar by an orc wizard (11 damage)
             ... with a puff of flame
             ... on level 3 of the Dungeon.
             The game lasted 00:04:46 (3395 turns).

inmateoo the Cutter (Kobold Skald)                  Turns: 3395, Time: 00:04:46

Health: -1/38      AC:  4    Str: 11    XL:     6   Next: 81%
Magic:  10/10      EV: 15    Int: 10    God:
Gold:   159        SH:  0    Dex: 17    Spells: 4 memorised, 3 levels left

rFire  . . .     SeeInvis .     j - +2 dagger (speed)
rCold  . . .     Clarity  .     b - +0 leather armour
rNeg   . . .     SustAb   .     (shield restricted)
rPois  .         Gourm    .     (no helmet)
rElec  .         Spirit   .     m - +0 cloak
rCorr  .         Warding  .     (no gloves)
rMut   .         Stasis   .     (no boots)
MR     .....                    (no amulet)
Stlth  +.........               (no ring)
                                (no ring)

@: not resistant to hostile enchantments, very unstealthy
A: carnivore 3
a: no special abilities


You were on level 3 of the Dungeon.
You were near starving.

You visited 1 branch of the dungeon, and saw 3 of its levels.

You collected 159 gold pieces.

Inventory:

Hand weapons
 a - a +0 short sword
 j - a +2 dagger of speed (weapon)
 t - a +0 blowgun
 w - a +2 dagger of draining
Missiles
 n - 2 throwing nets (quivered)
 u - 23 poisoned needles
Armour
 b - a +0 leather armour (worn)
 m - a +0 cloak (worn)
Jewellery
 o - an uncursed ring of wizardry {unknown}
Scrolls
 e - 2 scrolls of enchant weapon {unknown}
 f - 3 scrolls of remove curse {unknown}
 g - 4 scrolls of identify {unknown}
 k - a scroll of enchant armour {unknown}
 q - 3 scrolls of noise {unknown}
 s - a scroll of teleportation {unknown}
Potions
 h - 3 potions of agility {unknown}
 i - 2 potions of flight {unknown}
 l - a potion of magic {unknown}
 p - 2 potions of invisibility {unknown}
 v - a potion of might {unknown}
Books
 c - a book of Battle

   Spells                             Type                      Level
   a - Infusion                       Charms                       1
   b - Shroud of Golubria             Charms/Translocation         2
   c - Song of Slaying                Charms                       2
   d - Spectral Weapon                Hexes/Charms                 3
   e - Regeneration                   Charms/Necromancy            3
 r - a book of Ice

   Spells                             Type                      Level
   a - Ice Form                       Ice/Transmutation            4
   b - Metabolic Englaciation         Hexes/Ice                    5
   c - Ozocubu's Refrigeration        Ice                          6
   d - Bolt of Cold                   Conjuration/Ice              6
   e - Freezing Cloud                 Conjuration/Ice/Air          6
   f - Simulacrum                     Ice/Necromancy               6
Comestibles
 d - 2 meat rations


   Skills:
 + Level 3.9 Fighting
 * Level 6.1 Short Blades
 - Level 0.7 Armour
 + Level 3.2 Dodging
 + Level 3.1 Spellcasting
 - Level 2.4 Charms


You had 3 spell levels left.
You knew the following spells:

 Your Spells              Type           Power        Failure   Level  Hunger
a - Infusion              Chrm           #.....       14%         1    #......
b - Song of Slaying       Chrm           #.......     21%         2    ###....
c - Regeneration          Chrm/Necr      #.........   80%         3    ###....
d - Shroud of Golubria    Chrm/Tloc      #.........   38%         2    ###....


Dungeon Overview and Level Annotations

Branches:
Dungeon (3/15)

Altars:


Innate Abilities, Weirdness & Mutations

You are small and have problems with some larger weapons.
You are carnivorous and can eat meat at any time.


Message History

You feel sick.
You feel sick.
You feel sick.
You feel sick.
You feel sick.
The orc priest becomes somewhat translucent.
The orc priest calls down the wrath of Beogh upon you.
Something smites you!
* * * LOW HITPOINT WARNING * * *
You feel sick.
You feel sick.
You feel sick.
You are no longer poisoned.
The orc wizard casts a spell.
The orc wizard seems to speed up.
The orc wizard mumbles some strange words.
The orc wizard flickers and vanishes!
A puff of flame appears from out of thin air!
The puff of flame hits you!
You die...

..........#..........##.#.#.####.
.....#########)................#.
...............#...#####..#....#.
....##########.#{..........(...#.
....# #.#....#.#.#......#. ....#
#.#....).#........#. #####
#o#...<..####.....#[
#..)..........>)..#.
###@#.##.#..........
#......#.##.....##
###.#..#.##.....# #.#..#.########
#.####.# #...)..# ########


You could see an orc.

Vanquished Creatures
  A phantom (D:3)
  An orc priest (D:3)
  Crazy Yiuf (D:2)
  Jessica (D:2)
  Terence (D:2)
  A worker ant (D:3)
  A gnoll (D:2)
  5 adders
  3 worms
  An orc (D:3)
  2 giant cockroaches
  10 hobgoblins
  13 kobolds
  A quokka (D:2)
  2 ball pythons
  A bat (D:1)
  10 goblins
  4 rats (D:1)
59 creatures vanquished.

Notes
Turn   | Place    | Note
--------------------------------------------------------------
     0 | D:1      | inmateoo, the Kobold Skald, began the quest for the Orb.
     0 | D:1      | Reached XP level 1. HP: 12/12 MP: 3/3
   419 | D:1      | Reached skill level 3 in Short Blades
   456 | D:1      | Reached XP level 2. HP: 2/18 MP: 5/5
  1126 | D:1      | Reached XP level 3. HP: 17/22 MP: 6/6
  1849 | D:2      | Reached XP level 4. HP: 25/28 MP: 7/7
  1930 | D:2      | Noticed Crazy Yiuf
  1951 | D:2      | Killed Crazy Yiuf
  1951 | D:2      | Reached skill level 4 in Short Blades
  2053 | D:2      | Noticed Jessica
  2072 | D:2      | Killed Jessica
  2072 | D:2      | Reached XP level 5. HP: 16/32 MP: 8/8
  2175 | D:2      | Noticed Terence
  2195 | D:2      | Killed Terence
  2433 | D:2      | Reached skill level 5 in Short Blades
  2600 | D:3      | Learned a level 2 spell: Song of Slaying
  2604 | D:3      | Learned a level 3 spell: Regeneration
  2607 | D:3      | Learned a level 2 spell: Shroud of Golubria
  2875 | D:3      | Noticed a phantom
  2987 | D:3      | Killed a phantom
  2987 | D:3      | Reached XP level 6. HP: 31/38 MP: 10/10
  3318 | D:3      | Reached skill level 6 in Short Blades
  3395 | D:3      | Killed from afar by an orc wizard

Action                   |  1- 3 |  4- 6 || total
-------------------------+-------+-------++-------
Melee: Short sword       |    46 |       ||    46
       Dagger            |    91 |   224 ||   315
 Fire: Blowgun           |       |     8 ||     8
Throw: Throwing net      |       |     3 ||     3
  Use: Scroll            |       |     1 ||     1
 Stab: Held in net/web   |       |     1 ||     1
  Eat: Chunk             |     2 |     4 ||     6
